 Dungeon Crawl Stone Soup version 0.20.1-1-g8b1a95d (webtiles) character file.

2406 polve the Grappler (level 9, -11/94 HPs)
             Began as a Troll Fighter on Aug 13, 2017.
             Mangled by a fire elemental (14 damage)
             ... summoned by a deep elf mage
             ... on level 7 of the Dungeon.
             The game lasted 00:04:11 (4397 turns).

polve the Grappler (Troll Fighter)                  Turns: 4397, Time: 00:04:11

Health: -11/94     AC:  6    Str: 31    XL:     9   Next: 23%
Magic:  8/8        EV:  8    Int:  4    God:
Gold:   346        SH:  9    Dex: 12    Spells: 8/8 levels left

rFire    . . .     SeeInvis .     - Unarmed
rCold    . . .     Gourm    +   b - +0 shield
rNeg     . . .     Faith    .   a - +0 robe
rPois    .         Spirit   .   (helmet restricted)
rElec    .         Reflect  .   r - +0 cloak
rCorr    .         Harm     .   (gloves unavailable)
MR       .....                  (boots unavailable)
Stlth    +.........             o - amulet of rage
Regen    0.7/turn               (no ring)
MPRegen  0.2/turn               (no ring)

@: mighty
A: unfitting armour, claws 3, fast metabolism 3, gourmand, regeneration 1,
shaggy fur 1, tough skin 2
a: Evoke Berserk Rage


You were on level 7 of the Dungeon.
You were completely stuffed.

You visited 2 branches of the dungeon, and saw 8 of its levels.

You collected 346 gold pieces.

Inventory:

Armour
 a - a +0 robe (worn)
 b - a +0 shield (worn)
 r - a +0 cloak (worn)
Jewellery
 o - an amulet of rage (around neck)
 y - a cursed -2 ring of protection {unknown}
Scrolls
 f - 11 scrolls of identify {unknown}
 h - 4 scrolls of enchant armour {unknown}
 i - 2 scrolls of fear {unknown}
 k - a scroll of noise {unknown}
 l - 2 scrolls of magic mapping {unknown}
 m - a scroll of amnesia {unknown}
 q - 3 scrolls of enchant weapon {unknown}
 s - 2 scrolls of recharging {unknown}
 w - 2 scrolls of teleportation {unknown}
 x - 3 scrolls of remove curse {unknown}
Potions
 c - 2 potions of might
 e - 2 potions of lignification {unknown}
 j - 5 potions of curing {unknown}
 p - a potion of berserk rage {unknown}
 u - a potion of haste {unknown}
 z - a potion of degeneration {unknown}
 A - a potion of agility {unknown}
 C - a potion of cancellation {unknown}
Books
 B - a book of Power

   Spells                             Type                      Level
   a - Iskenderun's Battlesphere      Conjuration/Charms           5
   b - Venom Bolt                     Conjuration/Poison           5
   c - Bolt of Magma                  Conjuration/Fire/Earth       5
   d - Iron Shot                      Conjuration/Earth            6
   e - Orb of Destruction             Conjuration                  7
   f - Spellforged Servitor           Conjuration/Summoning        7
Comestibles
 d - 6 bread rations
 g - 4 royal jellies
 n - 3 meat rations
 v - 6 fruits


   Skills:
 + Level 7.7 Fighting
 - Level 2.4 Dodging
 - Level 2.4 Shields
 + Level 9.1 Unarmed Combat


You had 8 spell levels left.
You didn't know any spells.

Dungeon Overview and Level Annotations

Branches:
Dungeon (7/15)             Temple (1/1) D:5

Altars:
Ashenzari
Cheibriados
Dithmenos
Elyvilon
Gozag
Hepliaklqana
Kikubaaqudgha
Makhleb
Nemelex Xobeh
Okawaru
Ru
Sif Muna
Trog
Uskayaw
Vehumet
Xom
Yredelemnul
The Shining One

Shops:
D:4 (

Annotations:
D:7 Joseph


Innate Abilities, Weirdness & Mutations

You are too large for most types of armour.
You have claws for hands.
Your metabolism is lightning-fast.
You like to eat raw meat.
Your natural rate of healing is unusually fast.
You are covered in fur. (AC +1)
You have very tough skin. (AC +2)


Message History

You claw the deep elf mage!
The deep elf mage is moderately wounded.
The deep elf mage mumbles some strange words.
You claw the deep elf mage!
The deep elf mage is severely wounded.
The fire elemental hits you. The fire elemental burns you!
* * * LOW HITPOINT WARNING * * *
The fire elemental completely misses you.
The deep elf mage hits you with a short sword.
* * * LOW HITPOINT WARNING * * *
You feel very mighty all of a sudden. The fire elemental hits you.
The fire elemental burns you!
* * * LOW HITPOINT WARNING * * *
The fire elemental hits you. The fire elemental burns you!
* * * LOW HITPOINT WARNING * * *
The deep elf mage hits you but does no damage.
You claw the deep elf mage!
The deep elf mage is almost dead.
The fire elemental hits you. The fire elemental burns you!
You die...

######## #......#
......%# #......#
#o.....# #########
#......#
#.......###......#
#...(..E@e@o...#
#.....(E########
#.......# #.......#
#.......# ####
#####.### ######...
#.# #....#...
#.######### #....#...
#.........###....#...


You could see Joseph, a deep elf mage, 2 fire elementals and an orc.

Vanquished Creatures
  Grinder (D:3)
  A steam dragon (D:7)
  Duvessa (D:7)
  A phantom (D:5)
  A black bear (D:7)
  An ice beast (D:7)
  4 ogres
  A gnoll sergeant (D:5)
  4 bullfrogs
  Dowan (D:7)
  A water moccasin zombie (D:6)
  4 killer bees (D:7)
  A howler monkey (D:5)
  3 crimson imps (D:5)
  A centaur skeleton (D:4)
  2 hounds
  3 orc priests
  Crazy Yiuf (D:3)
  3 orc wizards
  An iguana (D:5)
  3 worker ants
  13 adders
  3 gnolls (D:5)
  An ooze (D:2)
  3 adder skeletons
  3 worms (D:3)
  7 dart slugs
  3 leopard geckos
  8 orcs
  2 bats
  3 giant cockroaches
  4 goblins
  9 hobgoblins
  9 jackals
  8 kobolds
  3 quokkas
  3 frilled lizards
  A jackal skeleton (D:6)
  A jackal zombie (D:5)
  5 rats
128 creatures vanquished.

Vanquished Creatures (others)
  An orc (D:7)
1 creature vanquished.

Grand Total: 129 creatures vanquished

Notes
Turn   | Place    | Note
-------+----------+-------------------------------------------
     0 | D:1      | polve the Troll Fighter began the quest for the Orb.
     0 | D:1      | Reached XP level 1. HP: 22/22 MP: 0/0
   153 | D:1      | Reached XP level 2. HP: 29/29 MP: 1/1
   370 | D:1      | Reached skill level 3 in Unarmed Combat
   473 | D:1      | Reached XP level 3. HP: 34/36 MP: 2/2
   723 | D:2      | Reached XP level 4. HP: 45/45 MP: 3/3
  1240 | D:3      | Noticed Grinder
  1240 | D:3      | Paralysed by Grinder for 7 turns
  1249 | D:3      | Paralysed by Grinder for 5 turns
  1261 | D:3      | Killed Grinder
  1261 | D:3      | Reached skill level 4 in Unarmed Combat
  1261 | D:3      | Reached XP level 5. HP: 18/55 MP: 4/4
  1261 | D:3      | Reached XP level 6. HP: 20/63 MP: 5/5
  1585 | D:3      | Found a runed door.
  1589 | D:3      | Noticed Crazy Yiuf
  1592 | D:3      | Killed Crazy Yiuf
  1592 | D:3      | Reached skill level 5 in Unarmed Combat
  1812 | D:4      | Reached skill level 5 in Fighting
  1812 | D:4      | Reached XP level 7. HP: 72/72 MP: 6/6
  1859 | D:4      | Found an opulent altar of Gozag.
  1901 | D:4      | Found Daqupn's Antique Weapon Shoppe.
  1998 | D:4      | Reached skill level 6 in Unarmed Combat
  2181 | D:4      | Found a shattered altar of Ashenzari.
  2262 | D:5      | Entered Level 5 of the Dungeon
  2298 | D:5      | Found an ancient bone altar of Kikubaaqudgha.
  2713 | D:5      | Reached XP level 8. HP: 55/83 MP: 7/7
  2865 | D:5      | Reached skill level 7 in Unarmed Combat
  3005 | D:5      | Found a staircase to the Ecumenical Temple.
  3036 | Temple   | Entered the Ecumenical Temple
  3408 | D:6      | Found a sacrificial altar of Ru.
  3794 | D:7      | Reached skill level 8 in Unarmed Combat
  3881 | D:7      | Noticed Duvessa
  3883 | D:7      | Noticed Dowan
  3891 | D:7      | Killed Duvessa
  3896 | D:7      | Killed Dowan
  4027 | D:7      | Reached XP level 9. HP: 75/93 MP: 8/8
  4173 | D:7      | Reached skill level 9 in Unarmed Combat
  4379 | D:7      | Noticed Joseph
  4380 | D:7      | Noticed a deep elf mage
  4396 | D:7      | HP: 3/94 [fire elemental[a deep elf mage] (7)]
  4397 | D:7      | Mangled by a fire elemental

Skill      XL: |  1  2  3  4  5  6  7  8  9 |
---------------+----------------------------+-----
Unarmed Combat | 3 4 5 6 8 9 |  9.1
Fighting       | 3 4 5 6 7 |  7.7
Dodging        | |  2.4
Shields        | |  2.4

Action                   |  1- 3 |  4- 6 |  7- 9 || total
-------------------------+-------+-------+-------++-------
Melee: Unarmed           |    92 |    87 |   252 ||   431
  Use: Potion            |       |       |     1 ||     1
 Stab: Sleeping          |       |     1 |     1 ||     2
  Eat: Chunk             |    12 |    10 |    24 ||    46
Armor: Robe              |    37 |    18 |    58 ||   113
Dodge: Dodged            |    31 |    20 |    62 ||   113
Block: Shield            |    38 |    30 |    96 ||   164
